[Event "*** Titled Tuesday Blitz"]
[Site "Chess.com"]
[Date "2018.09.04"]
[Round "6"]
[White "arna"]
[Black "chito89"]
[Result "1-0"]
[WhiteElo "2093"]
[BlackElo "2663"]
[TimeControl "180+2"]
[EndTime "14:54:51 PDT"]
[Termination "arna won on time"]

1. e4 e5 2. Nf3 Nc6 3. Nc3 Bc5 4. Nxe5 Nxe5 5. d4 Bd6 6. dxe5 Bxe5 7. Bd3 d6 8. O-O Ne7 9. Be3 Be6 10. f4 Bf6 11. f5 Bd7 12. Ne2 b6 13. c3 d5 14.
Qc2 c5 15. exd5 Nxd5 16. Bf2 Bc6 17. Be4 Qe7 18. Rad1 Nb4 19. Bxc6+ Nxc6 20. Qa4 O-O 21. Nf4 Qb7 22. Nd5 Be5 23. Qxc6 Qb8 24. Bg3 Bxg3 25. hxg3 Qxg3 26. Qc7 Qg5 27. Qf4 Qxf4 28. Rxf4 f6 29. Nc7 Rac8 30. Rd7 Rfd8 31. Rxd8+ Rxd8 32. Ne6 Rd1+ 33. Rf1 Rd2 34. Rf2 Rd1+ 35. Kh2 Kf7 36. Re2 Rf1 37. g4 h5 38. Nd8+ Kf8 39. Kh3 hxg4+ 40.
Kxg4 Rg1+ 41. Kf4 Rf1+ 42. Ke4 Ke8 43. Ne6 Kf7 44. Nf4 Ra1 45. Ng6 Rxa2 46. Kd5 Kg8 47.
Rh2 Kf7 48. Rh8 1-0

[Event "*** Titled Tuesday Blitz"]
[Site "Chess.com"]
[Date "2018.09.04"]
[Round "6"]
[White "Vuk2000"]
[Black "JoachimMouhamad"]
[Result "0-1"]
[WhiteElo "2691"]
[BlackElo "2424"]
[TimeControl "180+2"]
[EndTime "14:54:57 PDT"]
[Termination "JoachimMouhamad won by resignation"]

1. d4 Nf6 2. Bg5 g6 3. Bxf6 exf6 4. e3 Bg7 5. g3 O-O 6. Bg2 d5 7. Ne2 f5 8. Nd2 c6 9. O-O Nd7 10. c4 dxc4 11. Nxc4 Nf6 12. Nf4 Re8 13. Qc2 Ne4 14. Nd3 Be6 15. Nf4 Bxc4 16. Qxc4 Nd2 17. Qb4 Nxf1 18.
Rxf1 Qb6 19. Qa3 Rac8 20. Nd3 Qb5 21. Rc1 Bf8 22. Qc3 a5 23. Ne5 c5 24. Bd5 cxd4 25. Bxf7+ Kg7 26. Qd2 Rxc1+ 27. Qxc1 Rxe5 28. exd4 Re7 29. Bc4 Rc7 30. b3 Qe8 31. Qf4 Re7 32. Kg2 Qc6+ 33. d5 Qf6 34. h4 h5 35. a4 Rd7 36.
Qe3 b6 37. Qe8 Rd8 38. Qe3 Bc5 39. Qf4 Qd6 40. Qf3 Re8 41. Bb5 Re5 42. Bc4 Re4 43.
Qc3+ Qe5 44. Qd2 Qd4 45. Qc2 Re1 46. Bd3 Qxd5+ 47. f3 Qe5 48. Kh2 Rg1 49. f4 Qd4 50. Qc3 Qxc3 0-1

[Event "*** Titled Tuesday Blitz"]
[Site "Chess.com"]
[Date "2018.09.04"]
[Round "6"]
[White "2165149677570"]
[Black "Pudor"]
[Result "1-0"]
[WhiteElo "2301"]
[BlackElo "2215"]
[TimeControl "180+2"]
[EndTime "14:54:59 PDT"]
[Termination "2165149677570 won by resignation"]

1. e4 c5 2. Nf3 Nc6 3. Bb5 Qb6 4. Nc3 e6 5. O-O a6 6. Bc4 Nge7 7. e5 Ng6 8. Re1 Qc7 9. Qe2 b5 10. Bd3 Bb7 11.
a4 b4 12. Nd1 d5 13. exd6 Bxd6 14. g3 Nge5 15. Nxe5 Bxe5 16. c3 Bf6 17. Be4 O-O 18. Bg2 Rfd8 19. Ne3 Ne5 20. Nc4 Nd3 21. Bxb7 Qxb7 22. Qe4 Rab8 23. Qxb7 Rxb7 24. Re3 b3 25. Kf1 Rbd7 26. Ke2 Nxc1+ 27. Rxc1 e5 28. Rd1 Bg5 29.
Rxe5 Rd5 30. Rxd5 Rxd5 31. f4 Bd8 32. d4 f6 33. Ne3 Rd7 34. dxc5 Rxd1 35. Nxd1 Kf7 36.
Kd3 Ke6 37. Kc4 Kf5 38. Nf2 g5 39. fxg5 fxg5 40. Kxb3 h5 41. Kc4 h4 42. gxh4 gxh4 43. b4 Kf4 44. b5 axb5+ 45. Kxb5 Kf3 46. Nd3 Kg2 47. a5 Bc7 48. a6 Bb8 49. c6 Kxh2 50. c7 Bxc7 51. a7 h3 52. a8=Q Kg1 53. Qa1+ Kg2 54.
Qb2+ Kg1 55. Qf2+ Kh1 56. Qf3+ Kh2 57. Nf4 Bxf4 58. Qxf4+ Kg2 59. c4 1-0

[Event "*** Titled Tuesday Blitz"]
[Site "Chess.com"]
[Date "2018.09.04"]
[Round "6"]
[White "enriquetejedor"]
[Black "Vamostodorecto"]
[Result "0-1"]
[WhiteElo "2365"]
[BlackElo "2406"]
[TimeControl "180+2"]
[EndTime "14:55:02 PDT"]
[Termination "Vamostodorecto won by resignation"]

1. e4 e6 2. d4 d5 3. Nd2 Nf6 4. e5 Nfd7 5. Bd3 c5 6. c3 Nc6 7.
Ngf3 Be7 8. O-O a6 9. Re1 cxd4 10.
cxd4 g5 11. Nb3 g4 12. Nfd2 h5 13. Nf1 Qb6 14. Be3 a5 15. a4 Bb4 16. Re2 Qd8 17. Rc2 Nb6 18. Bb5 Bd7 19. Nc5 Bxc5 20.
Rxc5 Nb4 21. b3 Bxb5 22. Rxb5 Rg8 23. Qd2 h4 24. Rc1 Nc6 25. Rc3 Rb8 26. Qd3 Nd7 27. Qh7 Ne7 28. Qxh4 b6 29. Ng3 Rc8 30. Rxc8 Qxc8 31.
Qh7 Qc3 32. h4 gxh3 33. Qxh3 Qe1+ 34. Kh2 Ng6 35. Nh5 Rh8 36. g4 Qe2 37. Kg2 Qc2 38.
b4 Qxa4 39. bxa5 Qxb5 40. axb6 Qxb6 41. Qf3 Nh4+ 42. Kg3 Nxf3 43. Kxf3 Qb1 44. Ng3 Qd3 45. Kf4 Rg8 46. g5 Nf8 47. Nh5 Ng6+ 48. Kg3 Ne7 49. Nf6+ Kd8 50. Kg4 Qf5+ 51. Kh4 Rh8+ 52. Nh5 Qg6 53. Kg4 0-1

[Event "*** Titled Tuesday Blitz"]
[Site "Chess.com"]
[Date "2018.09.04"]
[Round "6"]
[White "JonahWillow"]
[Black "Samuray111"]
[Result "1/2-1/2"]
[WhiteElo "2743"]
[BlackElo "2615"]
[TimeControl "180+2"]
[EndTime "14:55:16 PDT"]
[Termination "Game drawn - insufficient material"]

1. e4 c6 2. d4 g6 3. Nc3 Bg7 4.
f4 d5 5. e5 Nh6 6. Be2 Na6 7. Nf3 Bg4 8. O-O Nc7 9. h3 Bxf3 10.
Bxf3 Nf5 11. g4 Nh4 12. Bh1 h5 13. Be3 hxg4 14. hxg4 e6 15. Bf2 Qe7 16. Bg3 Rh7 17.
Rf2 O-O-O 18. Rh2 Rdh8 19. Qe1 g5 20. Ne2 f5 21. gxf5 Nxf5 22. Rxh7 Rxh7 23. Qf2 Bh6 24.
Rf1 Rg7 25. Bg2 Qb4 26. b3 Qd2 27. c3 Ne3 28. fxg5 Rxg5 29. Bf4 Rf5 30. Qxe3 Qxe3+ 31. Bxe3 Bxe3+ 32. Kh2 Rxf1 33. Bxf1 Bd2 34. Bh3 Kd7 35. a4 Ke7 36. Kg3 b5 37. Kf3 b4 38. cxb4 Bxb4 39. Ke3 a5 40. Kd3 c5 41. dxc5 Bxc5 42. Nf4 Ba3 43. Kc2 Bc5 44. Kd3 Bg1 45. Kc3 Bh2 46. Nd3 Na6 47. Kd4 Bg1+ 48. Kc3 Be3 49. b4 axb4+ 50. Nxb4 Bd2+ 51. Kxd2 Nxb4 52. a5 Nc6 53. a6 Nxe5 54. a7 Nc4+ 55. Kc3 Nb6 56. Kd4 Kd6 57. Bg2 e5+ 58. Kd3 Kc6 59. Bf3 Kb7 60. Bxd5+ Kxa7 61. Ke4 Nd7 62. Be6 Nc5+ 63. Kxe5 Kb6 64. Bd5 Nd3+ 65. Ke4 Nc5+ 66. Kd4 Nd3 67. Bc6 Kxc6 1/2-1/2

[Event "*** Titled Tuesday Blitz"]
[Site "Chess.com"]
[Date "2018.09.04"]
[Round "6"]
[White "AkibaRubi"]
[Black "VeraNebolsina"]
[Result "1-0"]
[WhiteElo "2499"]
[BlackElo "2391"]
[TimeControl "180+2"]
[EndTime "14:55:17 PDT"]
[Termination "AkibaRubi won by resignation"]

1. d4 Nf6 2. Nf3 g6 3. Bf4 d6 4. e3 Bg7 5. Be2 O-O 6. O-O c5 7. c3 Nh5 8. Bg5 h6 9. Bh4 g5 10. Nfd2 Nf6 11. Bg3 Nc6 12. Na3 Bf5 13. Bf3 Qd7 14.
dxc5 dxc5 15. Nb3 g4 16. Nxc5 Qxd1 17. Bxd1 b6 18. Nb3 h5 19. Nd4 Nxd4 20. exd4 Bd3 21. Re1 Ne4 22. Bc2 Bxc2 23. Nxc2 f5 24. f3 Nxg3 25. hxg3 Kf7 26. Re2 e6 27. Rae1 Rfe8 28. f4 a5 29. Ne3 b5 30. d5 Ra6 31. Kf2 b4 32. dxe6+ Raxe6 33. Nxf5 Rxe2+ 34. Rxe2 Rxe2+ 35. Kxe2 bxc3 36. b3 c2 37. Kd2 Bc3+ 38. Kxc2 Be1 39. Kd1 Bf2 40. Ke2 Bc5 41. Ne3 Kf6 42. Kd3 Ke6 43. Ke4 Bb4 44. f5+ Kf7 45. Nc4 Be1 46. Kf4 Kf6 47. Ne3 Bd2 48. Ke4 Be1 49. Nd5+ Kf7 50. Kf4 Bd2+ 51. Ke5 Be1 52. f6 Bxg3+ 53. Kf5 Be1 54. a3 Bd2 55. b4 axb4 56. axb4 g3 57.
b5 h4 58. b6 h3 59. b7 hxg2 60. b8=Q g1=Q 61. Qb7+ 1-0

[Event "*** Titled Tuesday Blitz"]
[Site "Chess.com"]
[Date "2018.09.04"]
[Round "6"]
[White "BvsN"]
[Black "nochewycandy"]
[Result "0-1"]
[WhiteElo "2226"]
[BlackElo "2165"]
[TimeControl "180+2"]
[EndTime "14:55:20 PDT"]
[Termination "nochewycandy won by resignation"]

1. d4 Nf6 2. c4 g6 3. Nc3 Bg7 4. e4 d6 5. Nge2 O-O 6. f3 c5 7. d5 e6 8. Ng3 exd5 9. cxd5 a6 10. a4 Nbd7 11. Be2 Qc7 12. O-O Rb8 13. Bg5 h6 14.
Be3 Re8 15. Qd2 Kh7 16. Rfc1 Qa5 17. Bf4 Ne5 18. Nf1 Qb4 19. a5 Qd4+ 20. Be3 Qxd2 21. Nxd2 b5 22. axb6 Rxb6 23. Ra2 g5 24. Nc4 Nxc4 25.
Bxc4 Nd7 26. Be2 f5 27. Bf2 f4 28. Rca1 Ne5 29. Na4 Rb4 30. Nxc5 dxc5 31. Bxc5 Rb3 32.
Bd1 Rb5 33. b4 Nd7 34. Rc1 Nxc5 35. bxc5 Rxc5 36. Rb1 Bd4+ 37. Kh1 Re7 38. Bc2 Kg7 39. h3 Rb7 40. Rf1 Rb2 41. Rxb2 Bxb2 42. Bd3 a5 43. Rd1 Bd7 44. Re1 Kf6 45. Bb1 a4 46. Ba2 a3 47. Rd1 Ke5 48. Rd2 Rc1+ 49. Kh2 Bd4 50. g3 fxg3+ 51. Kxg3 Be3 52. Re2 Bf4+ 53. Kg2 Ba4 54.
Rf2 Rc2 55. Kf1 Rxf2+ 56. Kxf2 Kd4 57. Ke2 Kc3 58. d6 Bxd6 59. Be6 Bb3 60. e5 Bxe5 61. Bxb3 Kxb3 0-1

[Event "*** Titled Tuesday Blitz"]
[Site "Chess.com"]
[Date "2018.09.04"]
[Round "6"]
[White "MFBerna"]
[Black "joejan"]
[Result "1-0"]
[WhiteElo "2365"]
[BlackElo "2222"]
[TimeControl "180+2"]
[EndTime "14:55:22 PDT"]
[Termination "MFBerna won by resignation"]

1. e4 c5 2. Nf3 d6 3. Nc3 Nf6 4. g3 Nc6 5. Bg2 Bg4 6. h3 Bxf3 7. Qxf3 e6 8. O-O Be7 9. Qd1 O-O 10. f4 Rc8 11. d3 a6 12. g4 b5 13. g5 Nd7 14.
Ne2 Nb6 15. Ng3 d5 16. e5 g6 17. Bd2 Nd4 18. c3 Nf5 19. Nxf5 exf5 20. Qf3 Re8 21.
h4 h5 22. gxh6 Bxh4 23. Kh2 Kh7 24. Rh1 d4 25. Kg1 c4 26. Rd1 Be7 27. cxd4 cxd3 28.
d5 Bc5+ 29. Kh2 Qh4+ 30. Qh3 Qxh3+ 31. Kxh3 Nc4 32. b3 Ne3 33. d6 Nxd1 34. Rxd1 Red8 35. Ba5 Rd7 36. Rxd3 Kxh6 37. Rc3 b4 38. Bxb4 Bxb4 39. Rxc8 g5 40. Bc6 Ra7 41. fxg5+ Kxg5 42. d7 Ba5 43. b4 Bb6 44. d8=Q+ Bxd8 45. Rxd8 Rc7 46. Rd6 Kf4 47. a4 Kxe5 48. Rh6 f6 49. b5 axb5 50. axb5 f4 51. Rh5+ f5 52. Kg2 Rg7+ 53. Kf2 Ra7 54. b6 Ra2+ 55.
Ke1 f3 56. Bxf3 Kf4 57. b7 Rb2 58. Bc6 Ke3 59. Rh3+ Kd4 60. Rh8 1-0

[Event "*** Titled Tuesday Blitz"]
[Site "Chess.com"]
[Date "2018.09.04"]
[Round "6"]
[White "Slovak_fighter2000"]
[Black "PaulfromSPb"]
[Result "0-1"]
[WhiteElo "2400"]
[BlackElo "2628"]
[TimeControl "180+2"]
[EndTime "14:55:22 PDT"]
[Termination "PaulfromSPb won by resignation"]

1. d4 g6 2. h4 Nf6 3. Nc3 d5 4. Bf4 Bg7 5. e3 c6 6. Be2 h5 7. Nf3 b5 8. Ne5 b4 9. Na4 Qa5 10. b3 Nfd7 11. Nxd7 Nxd7 12. Qd2 e5 13. Bg3 O-O 14.
a3 exd4 15. exd4 c5 16. axb4 Qxb4 17. Qxb4 cxb4 18. Rd1 Re8 19. Kf1 Nb6 20. Nc5 Bf5 21. Nd3 a5 22. Be5 Bxd3 23. Bxd3 Bxe5 24. dxe5 Rxe5 25.
g3 a4 26. bxa4 Nxa4 27. Ra1 Ree8 28. Kg2 Nc3 29. Rxa8 Rxa8 30. Re1 Kf8 31. Kf3 Re8 32.
Rxe8+ Kxe8 33. Ke3 Ke7 34. Kd4 Kd6 35. f4 f5 36. Ba6 Ne4 37. Bb5 Ke6 38. Be8 Kf6 39.
Bc6 Nxg3 40. Bxd5 Ne2+ 41. Ke3 Nc3 42. Bf3 Nb5 43. Kd3 Nc7 44. Ke3 Ne6 45. Be2 Ke7 46. Bc4 Nc5 47. Kf3 Ne4 48. Ke3 Ng3 49. Bd3 Kd6 50. Kf3 Ne4 51. Ke3 Kd5 52. Ba6 Nd6 53.
Bd3 Nc4+ 54. Kf3 Kd4 55. Ke2 Kc3 56. Kf3 Na3 57. Ke2 0-1

[Event "*** Titled Tuesday Blitz"]
[Site "Chess.com"]
[Date "2018.09.04"]
[Round "6"]
[White "timator"]
[Black "Bryakin_Mikhail"]
[Result "0-1"]
[WhiteElo "2406"]
[BlackElo "2540"]
[TimeControl "180+2"]
[EndTime "14:55:23 PDT"]
[Termination "Bryakin_Mikhail won on time"]

1. Nf3 d5 2. d4 Nf6 3. g3 c6 4. Bg2 Bf5 5. O-O e6 6. c4 h6 7. Nc3 Ne4 8. Nxe4 Bxe4 9. b3 Nd7 10. Bb2 Be7 11. e3 O-O 12. Re1 a5 13. a3 b5 14.
c5 a4 15. b4 Qc7 16. Bf1 Bf6 17. Nd2 Bh7 18. f4 Be7 19. Qf3 Nf6 20. Bh3 Ne4 21. Nxe4 Bxe4 22. Qe2 Bf5 23. Bg2 Bf6 24. Rf1 Rad8 25.
Rae1 Rfe8 26. Bc3 Kf8 27. Rc1 Ke7 28. Be1 Kd7 29. g4 Bg6 30. Bg3 Qa7 31. h4 Kc8 32. Rf2 Qd7 33. Rcf1 Kb7 34. Bf3 Be4 35. Rh2 Rh8 36.
Rff2 Rdg8 37. Qf1 Bd8 38. Qg2 Bd3 39. Be2 Bb1 40. Qf1 Be4 41. g5 f6 42. Bf3 Bc7 43. Qg2 Bd3 44. Bg4 Be4 45. Bf3 Bf5 46. Qf1 Qe7 47. gxh6 gxh6 48. Rfg2 h5 49. Be1 Bg4 50. Kh1 e5 51. fxe5 fxe5 52. Bxg4 hxg4 53. Bg3 Rf8 54. Qd1 Rf3 55. Bxe5 Bxe5 56. dxe5 Qxe5 57. Rxg4 Rxe3 0-1

[Event "*** Titled Tuesday Blitz"]
[Site "Chess.com"]
[Date "2018.09.04"]
[Round "6"]
[White "Kimster98"]
[Black "GreatDamnedRedSpot"]
[Result "1-0"]
[WhiteElo "2479"]
[BlackElo "2309"]
[TimeControl "180+2"]
[EndTime "14:55:24 PDT"]
[Termination "Kimster98 won on time"]

1. e4 e6 2. Qe2 Be7 3. g3 d5 4.
d3 Nf6 5. Bg2 b6 6. f4 Ba6 7.
Nd2 Nbd7 8. e5 Ng8 9. Ngf3 g6 10. O-O h5 11. h3 Nh6 12. Nd4 Bc5 13. Nf3 Nf5 14.
Qf2 Bxd4 15. Nxd4 Nxd4 16. Qxd4 c5 17. Qf2 c4 18. dxc4 Bxc4 19. Rd1 Rc8 20. c3 Qc7 21. Be3 Nc5 22. Qc2 Kf8 23. Rd4 Kg7 24. b3 Ba6 25.
Rc1 Nb7 26. Qf2 Na5 27. Bf3 Nc6 28. Rdd1 Ne7 29. g4 hxg4 30. hxg4 Rh7 31. Bd4 Rch8 32. Qg3 Rh3 33. Qf2 Kf8 34. Bg2 Rh2 35. Qg3 R2h4 36. Kf2 Nc6 37. Be3 g5 38. Rh1 gxf4 39. Bxf4 Rxh1 40.
Rxh1 Rxh1 41. Bxh1 Ne7 42. Be3 Qc6 43. Qh4 Ke8 44.
Qh8+ Kd7 45. Qf6 Qb5 46. Bf3 Qf1+ 47. Kg3 Qe1+ 48. Bf2 Qxc3 49. Qxf7 Qxe5+ 50. Qf4 Qc3 51. Qe3 Qc2 52. Qe5 Qxa2 53. b4 Qb3 54. Be3 1-0

[Event "*** Titled Tuesday Blitz"]
[Site "Chess.com"]
[Date "2018.09.04"]
[Round "6"]
[White "pedromartinez91"]
[Black "maciek_92"]
[Result "0-1"]
[WhiteElo "2395"]
[BlackElo "2666"]
[TimeControl "180+2"]
[EndTime "14:55:29 PDT"]
[Termination "maciek_92 won by checkmate"]

1. e4 e5 2. Nf3 Nc6 3. Bb5 Nf6 4. O-O Nxe4 5. Qe2 Nf6 6. d4 e4 7. d5 Be7 8. dxc6 exf3 9. cxd7+ Bxd7 10. Bxd7+ Qxd7 11. Qxf3 O-O-O 12. Nc3 h6 13. Be3 Kb8 14. a4 a6 15.
Rad1 Qg4 16. Qxg4 Nxg4 17. Nd5 Nxe3 18. fxe3 Bc5 19. Rxf7 c6 20. Nc3 Bxe3+ 21. Kf1 Rxd1+ 22. Nxd1 Bd4 23. c3 Be5 24. Nf2 h5 25. h3 Rd8 26.
Ke2 Re8 27. Kd3 Rd8+ 28. Ke2 Ka7 29. Nd3 Bf6 30. Nc5 Kb6 31. Nxb7 Re8+ 32. Kd3 Be7 33. Rxg7 Kxb7 34. Kc4 Kc7 35. g4 h4 36. g5 Kd7 37.
Rh7 Rg8 38. Rxh4 Rxg5 39. Rd4+ Kc7 40. b4 Rh5 41. Re4 Bf6 42. Rf4 Be7 43. Rf7 Kd7 44.
Rf3 Rh4+ 45. Kb3 Bd6 46. Rf7+ Be7 47. Rf3 Ke6 48. a5 Bd6 49. Re3+ Be5 50. c4 Kf5 51.
Rd3 Ke4 52. Rd8 Rxh3+ 53. Ka4 Bb2 54. Re8+ Kd4 55. b5 Kc5 56. Re5+ Bxe5 57. bxa6 Bb2 58.
a7 Ra3# 0-1

[Event "*** Titled Tuesday Blitz"]
[Site "Chess.com"]
[Date "2018.09.04"]
[Round "6"]
[White "lavr92"]
[Black "ozates"]
[Result "1-0"]
[WhiteElo "2599"]
[BlackElo "2378"]
[TimeControl "180+2"]
[EndTime "14:55:29 PDT"]
[Termination "lavr92 won by resignation"]

1. d4 d5 2. c4 c6 3. Nc3 Nf6 4. Nf3 e6 5. Bg5 Nbd7 6. e3 Qa5 7. Nd2 Bb4 8. Qc2 dxc4 9. Bxf6 Nxf6 10. Nxc4 Qc7 11.
Be2 O-O 12. O-O b6 13. a3 Bd6 14. f4 Bb7 15. Bf3 Qe7 16. Rac1 c5 17. Bxb7 cxd4 18.
exd4 Qxb7 19. Nxd6 Qd7 20. Nde4 Qxd4+ 21. Qf2 Qxf2+ 22.
Kxf2 Ng4+ 23. Kg3 Ne3 24. Rfe1 Nc4 25. Re2 Rfd8 26. Rd1 Rxd1 27. Nxd1 Rd8 28. Ne3 Rd3 29. Kf2 Nd6 30. Nxd6 Rxd6 31. Nc4 Rd4 32. Rd2 Rxf4+ 33.
Ke3 g5 34. Rd4 Rf1 35. Rd7 Re1+ 36. Kf2 Rc1 37. Ne5 f5 38. Rxa7 Rc2+ 39. Kg3 Rxb2 40. h3 Re2 41. Nf7 f4+ 42. Kf3 Re3+ 43. Kf2 Rg3 44. a4 h5 45. Rb7 g4 46. hxg4 hxg4 47.
Ng5 Ra3 48. Nxe6 Ra2+ 49. Kg1 g3 50. Kf1 Rf2+ 51. Kg1 Re2 52. Rb8+ Kf7 53. Ng5+ Kf6 54. Nf3 Ra2 55. Rxb6+ Kf5 56. Rb5+ Ke4 57. Re5+ Kd3 58. a5 Ra1+ 59. Ne1+ Kd2 60. Kf1 Kd1 61. Rd5+ Kc1 62. Ke2 Ra2+ 63. Kf3 Rf2+ 64. Kg4 Re2 65. Nd3+ Kd2 66.
Nxf4+ 1-0

[Event "*** Titled Tuesday Blitz"]
[Site "Chess.com"]
[Date "2018.09.04"]
[Round "6"]
[White "W_Amadeus"]
[Black "Margency"]
[Result "1-0"]
[WhiteElo "2580"]
[BlackElo "2677"]
[TimeControl "180+2"]
[EndTime "14:55:30 PDT"]
[Termination "W_Amadeus won by resignation"]

1. d4 Nf6 2. c4 g6 3. Nc3 Bg7 4. e4 d6 5. Nf3 O-O 6. Be2 e5 7. O-O Nc6 8. d5 Ne7 9. Qc2 a5 10. Rd1 Nd7 11. Be3 Kh8 12. a3 Ng8 13. Nd2 Bh6 14. Bxh6 Nxh6 15. b4 f5 16. Nb5 Rf7 17. c5 Nf6 18. cxd6 cxd6 19. Rac1 axb4 20. axb4 fxe4 21.
Nxe4 Nxe4 22. Qxe4 Bf5 23. Qe3 Ng4 24. Bxg4 Bxg4 25. f3 Bf5 26. Ra1 Rxa1 27. Rxa1 Kg7 28. Rc1 g5 29. h3 h6 30. Kh2 h5 31. Rc3 h4 32. Qa7 Kg6 33. Qa5 Qf6 34. Rc7 e4 35. Rxf7 Qe5+ 36. Kg1 Kxf7 37. Qc7+ Kg8 38. Qxd6 Qa1+ 39.
Kh2 exf3 40. gxf3 Qb2+ 41. Kg1 Qc1+ 42. Kg2 Qd2+ 43. Kg1 Qe1+ 44. Kg2 Bxh3+ 45. Kxh3 Qh1+ 46. Kg4 Qg2+ 47. Kh5 Qxf3+ 48. Kxg5 Qg2+ 49. Kxh4 Qe4+ 50. Kg5 Qg2+ 51. Kf6 Qf3+ 52. Ke7 Qf7+ 53. Kd8 Qf1 54. Qe6+ Kg7 55. Nd6 b6 56. Qf7+ Qxf7 57. Nxf7 Kxf7 58.
Kc7 1-0

[Event "*** Titled Tuesday Blitz"]
[Site "Chess.com"]
[Date "2018.09.04"]
[Round "6"]
[White "AlexanderL"]
[Black "Polish_fighter3000"]
[Result "1-0"]
[WhiteElo "2828"]
[BlackElo "2902"]
[TimeControl "180+2"]
[EndTime "14:55:31 PDT"]
[Termination "AlexanderL won by resignation"]

1. Nf3 Nf6 2. c4 b6 3. g3 Bb7 4.
Bg2 g6 5. O-O Bg7 6. d4 O-O 7.
d5 b5 8. Nfd2 a6 9. e4 d6 10.
Nc3 c6 11. Re1 Qc7 12. dxc6 Bxc6 13. Nd5 Qb7 14. Nb3 Bxd5 15. cxd5 Nfd7 16. Nd4 Rc8 17. Be3 a5 18. Qe2 b4 19. Rac1 Nc5 20. f4 Qa6 21.
Bf2 Kf8 22. e5 Qxe2 23. Rxe2 Nba6 24. Rec2 dxe5 25. Nb3 exf4 26. Nxc5 Nxc5 27. Bxc5 Rxc5 28. Rxc5 Bd4+ 29. Kf1 Bxc5 30. Rxc5 fxg3 31. hxg3 Ra7 32. Ke2 Kg7 33. Ke3 h5 34. Kf4 Kf6 35. Rc6+ Kg7 36.
Bf3 a4 37. Rb6 b3 38. axb3 axb3 39. Rxb3 Ra4+ 40. Ke3 Kf6 41. Rb6+ Ke5 42. Rb7 Kd6 43. b3 Ra1 44. Kd4 Rg1 45. Rb6+ Kc7 46. Rc6+ Kd7 47. Rc3 Rxg3 48. b4 Rg1 49. b5 Rb1 50. Kc5 f5 51. b6 h4 52. Be2 g5 53. Bb5+ Kc8 54. Kc6 Kb8 55. Bc4 g4 56. d6 exd6 57. Re3 Rxb6+ 58.
Kxb6 Kc8 59. Bb5 1-0

[Event "*** Titled Tuesday Blitz"]
[Site "Chess.com"]
[Date "2018.09.04"]
[Round "6"]
[White "JammyDodger91"]
[Black "Korchmar_Vasiliy"]
[Result "0-1"]
[WhiteElo "2417"]
[BlackElo "2642"]
[TimeControl "180+2"]
[EndTime "14:55:31 PDT"]
[Termination "Korchmar_Vasiliy won by resignation"]

1. e4 c5 2. Nf3 e6 3. d4 cxd4 4. Nxd4 a6 5. Bd3 Nf6 6. O-O Qc7 7. Qe2 d6 8. c4 g6 9. Nc3 Bg7 10. Be3 O-O 11. Rac1 b6 12. f3 Bb7 13. b4 Nbd7 14.
Na4 Rfe8 15. Qf2 Rab8 16. Rfd1 Ba8 17. Bf1 h5 18. Nb3 Qc6 19. b5 Qb7 20. Rxd6 Qa7 21.
Nxb6 Nxb6 22. Rxb6 Rxb6 23. Bxb6 Qb8 24. a4 Bxe4 25. fxe4 Ng4 26. g3 Nxf2 27. Bxf2 h4 28. c5 Be5 29. Kg2 hxg3 30. hxg3 axb5 31. axb5 Qa8 32.
c6 Qa4 33. Bc4 Kg7 34. Nc5 Qa3 35. Rc2 Rh8 36. Nd7 Qa1 37. Bf1 Qd1 38. Re2 Rh1 39. Bg1 Bc7 40. b6 Bxb6 41. Nxb6 Rh8 42. c7 Qc1 43.
c8=Q Rxc8 44. Nxc8 Qxc8 45. Be3 e5 46. Bd2 Qg4 47. Re3 Qd1 48. Be1 Qd4 49. Bf2 Qd2 50.
Bd3 Qc3 51. Bb1 Qb2 52. Bd3 Qd2 53. Bc4 Qd4 54. Bd5 Qb2 55. Rb3 Qe2 56. Rb7 Kh6 57.
Rxf7 g5 58. Rf3 g4 59. Re3 Qd1 60. Re1 Qd2 61. Kg1 Kg6 62. Be3 Qxe1+ 0-1

[Event "*** Titled Tuesday Blitz"]
[Site "Chess.com"]
[Date "2018.09.04"]
[Round "6"]
[White "GMKrikor"]
[Black "Arm-Akiba"]
[Result "1-0"]
[WhiteElo "2756"]
[BlackElo "2749"]
[TimeControl "180+2"]
[EndTime "14:55:33 PDT"]
[Termination "GMKrikor won by resignation"]

1. e4 e5 2. Nf3 Nc6 3. Bb5 a6 4. Ba4 Nf6 5. O-O Be7 6. d3 b5 7. Bb3 d6 8. a4 b4 9. a5 O-O 10. Nbd2 Rb8 11. Bc4 Na7 12. Re1 c5 13. h3 Nc6 14.
Nb3 Be6 15. Bg5 Bxc4 16. dxc4 h6 17. Bxf6 Bxf6 18. Nh2 Nd4 19. Nf1 Bg5 20. g3 g6 21.
h4 Bf6 22. Ne3 Bg7 23. Kg2 f5 24. exf5 gxf5 25. Nxd4 cxd4 26. Nd5 b3 27. cxb3 e4 28. b4 d3 29. Qh5 Kh7 30. Rad1 Qe8 31. Qxe8 Rfxe8 32. b3 Re5 33. f3 Rxd5 34. cxd5 Rxb4 35. g4 Bc3 36. Rf1 Rd4 37. Kf2 Rxd5 38. gxf5 Bd4+ 39.
Kg2 Rxa5 40. fxe4 Ra2+ 41. Kf3 d2 42. Ke2 Bc3 43. Rf3 Bb4 44. f6 Kg8 45. f7+ Kf8 46. Kd3 Rb2 47. Kc4 a5 48. Rg1 Rc2+ 49. Kd3 Rc3+ 50. Ke2 Rxf3 51. Kxf3 Kxf7 52. h5 Kf6 53. Rg6+ Ke5 54. Ke2 Kxe4 55. Rxh6 Kf5 56. Rg6 d5 57.
Rg2 Bf8 58. Kxd2 1-0

[Event "*** Titled Tuesday Blitz"]
[Site "Chess.com"]
[Date "2018.09.04"]
[Round "6"]
[White "tsakos2731"]
[Black "platy3"]
[Result "0-1"]
[WhiteElo "2508"]
[BlackElo "2758"]
[TimeControl "180+2"]
[EndTime "14:55:38 PDT"]
[Termination "platy3 won by resignation"]

1. d4 Nf6 2. c4 g6 3. Nc3 Bg7 4.
e4 d6 5. f3 O-O 6. Be3 c5 7.
dxc5 dxc5 8. Qxd8 Rxd8 9. Bxc5 Nc6 10. Nge2 Nd7 11. Bf2 Nde5 12. Nf4 Nb4 13. Rd1 Nc2+ 14. Ke2 Bd7 15. Kd2 Nb4 16. Nfd5 Nbc6 17. Kc2 Rac8 18.
Be2 e6 19. Nf4 Na5 20. b3 b5 21. c5 b4 22. Nb5 Bf8 23. Nxa7 Ra8 24. Nb5 Nb7 25.
Kb1 Bxc5 26. Bxc5 Nxc5 27. Rd4 Bxb5 28. Rxd8+ Rxd8 29. Bxb5 g5 30. Nh5 Kf8 31. Rc1 Ncd3 32. Bxd3 Rxd3 33. Nf6 Rd2 34. Nxh7+ Kg7 35. Nxg5 Rxg2 36. f4 Nd3 37. Rd1 Nxf4 38. Nf3 Rf2 39. Ne5 Rxh2 40. Rf1 Rh4 41. Nf3 Rh5 42. Rg1+ Kf6 43.
Nd4 Ke5 44. Nc6+ Kxe4 45. Nxb4 f5 46. Re1+ Kf3 47. Nc6 Rh6 48. b4 Kf2 49. Re5 Nd3 50. Ra5 f4 51. b5 e5 52. Ra3 e4 53. Rc3 e3 54. Nd4 e2 55. Nxe2 Kxe2 56. Rc6 Rh1+ 57.
Kc2 Nb4+ 58. Kb3 Nxc6 59. bxc6 Rh6 0-1

[Event "*** Titled Tuesday Blitz"]
[Site "Chess.com"]
[Date "2018.09.04"]
[Round "6"]
[White "danyuffa"]
[Black "Msb2"]
[Result "1-0"]
[WhiteElo "2700"]
[BlackElo "2836"]
[TimeControl "180+2"]
[EndTime "14:55:40 PDT"]
[Termination "danyuffa won by checkmate"]

1. d4 d5 2. c4 e6 3. Nf3 Nf6 4. g3 Bb4+ 5. Bd2 Bd6 6. Bg2 c6 7. Qc2 Nbd7 8. O-O O-O 9. Bg5 h6 10. Bxf6 Nxf6 11. Nbd2 b6 12. e4 Be7 13. Rfd1 Bb7 14. Rac1 Rc8 15. c5 bxc5 16. dxc5 Ba6 17. b4 Be2 18. Re1 Bxf3 19. Bxf3 a5 20. a3 axb4 21. axb4 Rb8 22. Qa4 Qc7 23. Nb3 dxe4 24. Bxe4 Nxe4 25. Rxe4 Rfd8 26. Na5 Rbc8 27. Nc4 Ra8 28. Qc2 Qb7 29. Nb6 Ra3 30. Rd1 Qa6 31. Ree1 Qb5 32. Qc4 Qxc4 33. Nxc4 Ra4 34. Rxd8+ Bxd8 35.
Ne5 Ra6 36. Rd1 Bf6 37. Nd7 Ra4 38. Rd6 Rxb4 39. Rxc6 Be7 40. Rc8+ Kh7 41. Re8 Bxc5 42. Nxc5 Kg6 43. Kg2 Rc4 44. Nd3 Rc7 45. Ra8 Kf6 46. Ra5 g6 47. h4 h5 48. Nf4 Kg7 49. Ra3 Rd7 50. Nd3 Rc7 51. Kf3 Kf6 52. Ke3 Rd7 53. f3 Rc7 54. Ra5 Rd7 55. Nc5 Rc7 56. Kd4 Kg7 57.
Ra6 Kf6 58. Ne4+ Kg7 59. Ke5 Rd7 60. Nd6 Re7 61. Rb6 Rd7 62. Rb7 Rxb7 63. Nxb7 g5 64.
hxg5 Kg6 65. f4 h4 66. gxh4 Kh5 67. Nd6 Kxh4 68. Nxf7 Kh5 69. Kxe6 Kg6 70. Ne5+ Kg7 71. Kf5 Kf8 72. g6 Kg8 73. Kf6 Kh8 74. Nf7+ Kg8 75. Nh6+ Kh8 76. g7+ Kh7 77. g8=Q+ Kxh6 78. Qh8# 1-0

[Event "*** Titled Tuesday Blitz"]
[Site "Chess.com"]
[Date "2018.09.04"]
[Round "6"]
[White "XDPS"]
[Black "evgenysharapov"]
[Result "0-1"]
[WhiteElo "2585"]
[BlackElo "2444"]
[TimeControl "180+2"]
[EndTime "14:55:44 PDT"]
[Termination "evgenysharapov won by resignation"]

1. d4 d5 2. Nf3 Nf6 3. Bf4 c5 4.
e3 cxd4 5. exd4 Nc6 6. Nbd2 Bg4 7. c3 e6 8. Qb3 Qc8 9. h3 Bxf3 10. Nxf3 Be7 11. Bd3 O-O 12. O-O Na5 13. Qc2 Nc4 14. Rfe1 a6 15. Ne5 h6 16. Re2 Nxe5 17. dxe5 Nd7 18.
Bh2 Nc5 19. Re3 Nxd3 20. Qxd3 Qc4 21. Qd1 Rfd8 22. Rd3 Rac8 23. Bg3 b5 24. a3 d4 25.
cxd4 Qc2 26. Rb1 Qxd1+ 27. Rbxd1 Rc2 28. b4 Rd5 29. Bf4 Kf8 30. Kf1 Ke8 31. R1d2 Rc4 32. Be3 Kd7 33. Ke2 Kc6 34. Ra2 Rd7 35. Kd2 Kd5 36.
Rc3 Rxc3 37. Kxc3 Rc7+ 38. Kd3 Rc4 39. g4 Bd8 40. Rd2 Bb6 41. Ke2 Bxd4 42. Bf4 Kc6 43. Rd3 Kc7 44. Bg3 Rc2+ 45. Kf3 Rc3 46. Ke4 Rxd3 47.
Kxd3 Bb2 48. Bf4 Kc6 49. Kc2 Bd4 50. Kd3 Bxf2 51. Ke4 Bb6 52. h4 a5 53. Bd2 a4 54.
Bc1 Bd8 55. h5 f6 56. exf6 Bxf6 57. Kd3 Kd5 58. Be3 e5 59. Bc1 e4+ 60. Ke2 Kc4 0-1